HBL
TUCSON TARANTULAS @ NASHVILLE SOUNDS
04/23/1997
 
TOP OF THE 1ST
Tucson Tarantulas batting - Pitching for Nashville Sounds : RHP Willie E Adams
Pitching: RHP Willie E Adams
Batting: RHB Barry Wesson 0-0: Ground out 6-3 (Groundball, 4MS, EV 78.8 MPH)
Batting: SHB Manuel Lee 0-0: Ball
1-0: Ground out 3-1 (Groundball, 34, EV 85.0 MPH)
Batting: SHB Bip Roberts 0-0: Ground out 6-3 (Groundball, 6, EV 85.6 MPH)
Top of the 1st over - 0 runs, 0 hits, 0 errors, 0 left on base; Tucson 0 - Nashville 0
BOTTOM OF THE 1ST
Nashville Sounds batting - Pitching for Tucson Tarantulas : RHP Matt Wagner
Pitching: RHP Matt Wagner
Batting: RHB Danny Bautista 0-0: Ground out 6-3 (Groundball, 6, EV 98.8 MPH)
Batting: RHB George Arias 0-0: Ball
1-0: Called Strike
1-1: Fly out, F8 (Flyball, 78D, EV 105.0 MPH)
Batting: LHB Dion James 0-0: Called Strike
0-1: Foul Ball, location: 2F
0-2: Ball
1-2: Foul Ball, location: 2F
1-2: Ground out U3 (Groundball, 34, EV 106.9 MPH)
Bottom of the 1st over - 0 runs, 0 hits, 0 errors, 0 left on base; Tucson 0 - Nashville 0
TOP OF THE 2ND
Tucson Tarantulas batting - Pitching for Nashville Sounds : RHP Willie E Adams
Batting: RHB Andres Galarraga 0-0: Called Strike
0-1: Foul Ball, location: 2F
0-2: Strikes out looking
Batting: SHB Mark Bellhorn 0-0: Ball
1-0: Called Strike
1-1: Called Strike
1-2: Ball
2-2: Ball
3-2: Strikes out looking
Batting: RHB Jack Voigt 0-0: Called Strike
0-1: Ball
1-1: Ball
2-1: Foul Ball, location: 2F
2-2: Strikes out swinging
Top of the 2nd over - 0 runs, 0 hits, 0 errors, 0 left on base; Tucson 0 - Nashville 0
BOTTOM OF THE 2ND
Nashville Sounds batting - Pitching for Tucson Tarantulas : RHP Matt Wagner
Batting: RHB Paul Konerko 0-0: Ball
1-0: Ball
2-0: Called Strike
2-1: Ground out 6-3 (Groundball, 6, EV 86.9 MPH)
Batting: SHB Raul Casanova 0-0: Called Strike
0-1: Ball
1-1: Ball
2-1: Ball
3-1: Base on Balls
Batting: LHB Ivan Cruz 0-0: Ball
1-0: Ball
2-0: Foul Ball, location: 2F
2-1: Foul Ball, location: 2F
2-2: Foul Ball, location: 2F
2-2: Foul Ball, location: 2F
2-2: Foul Ball, location: 2F
2-2: Foul Ball, location: 2F
2-2: Strikes out swinging
Batting: LHB Jeff Branson 0-0: Fielders Choice at 2nd, 5-4 (Groundball, 56, EV 81.3 MPH)
Bottom of the 2nd over - 0 runs, 0 hits, 0 errors, 1 left on base; Tucson 0 - Nashville 0
TOP OF THE 3RD
Tucson Tarantulas batting - Pitching for Nashville Sounds : RHP Willie E Adams
Batting: RHB Dave McCarty 0-0: Ball
1-0: Called Strike
1-1: Foul Ball, location: 2F
1-2: Ball
2-2: Ball
3-2: Strikes out swinging, 2-3 out at first.
Batting: SHB Matt Walbeck 0-0: Called Strike
0-1: Ground out U3 (Groundball, 3S, EV 87.5 MPH)
Batting: RHB Ray Holbert 0-0: Swinging Strike
0-1: Ball
1-1: Called Strike
1-2: Ball
2-2: Foul Ball, location: 2F
2-2: Foul Ball, location: 2F
2-2: Foul Ball, location: 2F
2-2: Ball
3-2: Foul Ball, location: 2F
3-2: Fly out, F7 (Flyball, 7D, EV 98.1 MPH)
Top of the 3rd over - 0 runs, 0 hits, 0 errors, 0 left on base; Tucson 0 - Nashville 0
BOTTOM OF THE 3RD
Nashville Sounds batting - Pitching for Tucson Tarantulas : RHP Matt Wagner
Batting: RHB Adam Riggs 0-0: Ball
1-0: Swinging Strike
1-1: Ground out 6-3 (Groundball, 6, EV 105.6 MPH)
Batting: SHB Felix Martinez 0-0: Called Strike
0-1: Swinging Strike
0-2: Foul Ball, location: 2F
0-2: Ball
1-2: Ball
2-2: Fly out, F4 (Line Drive, 4, EV 70.6 MPH)
Batting: RHB Danny Bautista 0-0: Ground out 4-3 (Groundball, 4S, EV 71.3 MPH)
Bottom of the 3rd over - 0 runs, 0 hits, 0 errors, 0 left on base; Tucson 0 - Nashville 0
TOP OF THE 4TH
Tucson Tarantulas batting - Pitching for Nashville Sounds : RHP Willie E Adams
Batting: RHB Barry Wesson 0-0: Ball
1-0: Ball
2-0: Called Strike
2-1: Ball
3-1: Swinging Strike
3-2: Base on Balls
Batting: SHB Manuel Lee 0-0: Ball
1-0: SINGLE (Flyball, 9S, EV 91.9 MPH)
Barry Wesson to second
Runner from 2nd tries for 3rd, SAFE, no throw by RF
Batting: SHB Bip Roberts 0-0: Swinging Strike
0-1: Fly out, F7 (Flyball, 7, EV 80.0 MPH)
Runner from 3rd tags up, SCORES, throw by LF
Batting: RHB Andres Galarraga 0-0: Called Strike
0-1: Foul Ball, location: 2F
0-2: Foul Ball, location: 2F
0-2: Ball
1-2: Foul Ball, location: 2F
1-2: Ball
2-2: Ball
3-2: Fly out, F7 (Flyball, 7LDF, EV 106.3 MPH)
Batting: SHB Mark Bellhorn 0-0: Ball
Wild Pitch!
Manuel Lee to second
1-0: Ball
2-0: Ball
3-0: Called Strike
3-1: Base on Balls
Batting: RHB Jack Voigt 0-0: Fielders Choice at 2nd, 6-4 (Groundball, 56, EV 81.9 MPH)
Top of the 4th over - 1 run, 1 hit, 0 errors, 2 left on base; Tucson 1 - Nashville 0
BOTTOM OF THE 4TH
Nashville Sounds batting - Pitching for Tucson Tarantulas : RHP Matt Wagner
Batting: RHB George Arias 0-0: Ball
1-0: Foul Ball, location: 2F
1-1: Ball
2-1: Swinging Strike
2-2: Ball
3-2: Strikes out swinging
Batting: LHB Dion James 0-0: Swinging Strike
0-1: Ball
1-1: Ball
2-1: SINGLE (Line Drive, 7LS, EV 111.3 MPH)
Batting: RHB Paul Konerko 0-0: Ball
1-0: Fielders Choice at 2nd, 6-4 (Groundball, 6, EV 84.4 MPH)
Batting: SHB Raul Casanova 0-0: Called Strike
0-1: Fly out, F8 (Flyball, 8LS, EV 81.9 MPH)
Bottom of the 4th over - 0 runs, 1 hit, 0 errors, 1 left on base; Tucson 1 - Nashville 0
TOP OF THE 5TH
Tucson Tarantulas batting - Pitching for Nashville Sounds : RHP Willie E Adams
Batting: RHB Dave McCarty 0-0: Called Strike
0-1: Ball
1-1: Foul Ball, location: 2F
1-2: Ground out 6-3 (Groundball, 4M, EV 80.0 MPH)
Batting: SHB Matt Walbeck 0-0: Ball
1-0: Ball
2-0: Foul Ball, location: 2F
2-1: Foul Ball, location: 2F
2-2: Ball
3-2: Fly out, F9 (Line Drive, 9, EV 109.4 MPH)
Batting: RHB Ray Holbert 0-0: Foul Ball, location: 2F
0-1: Foul Ball, location: 2F
0-2: Foul Ball, location: 2F
0-2: Strikes out looking
Top of the 5th over - 0 runs, 0 hits, 0 errors, 0 left on base; Tucson 1 - Nashville 0
BOTTOM OF THE 5TH
Nashville Sounds batting - Pitching for Tucson Tarantulas : RHP Matt Wagner
Batting: LHB Ivan Cruz 0-0: Called Strike
0-1: SINGLE (Line Drive, 78S, EV 95.6 MPH)
Batting: LHB Jeff Branson 0-0: Sac Bunt to 15S - play at first, batter OUT! 1-3
Ivan Cruz to second
Batting: RHB Adam Riggs 0-0: Called Strike
0-1: Called Strike
0-2: Ball
1-2: Ground out 5-3 (Groundball, 5, EV 90.0 MPH)
Batting: SHB Felix Martinez 0-0: Ball
1-0: Ball
2-0: Ball
3-0: Base on Balls
Batting: RHB Danny Bautista 0-0: Called Strike
0-1: Ball
1-1: Ball
Wild Pitch!
Ivan Cruz to third
Felix Martinez to second
2-1: Fly out, F8 (Flyball, 8RM, EV 71.3 MPH)
Bottom of the 5th over - 0 runs, 1 hit, 0 errors, 2 left on base; Tucson 1 - Nashville 0
TOP OF THE 6TH
Tucson Tarantulas batting - Pitching for Nashville Sounds : RHP Willie E Adams
Batting: RHB Barry Wesson 0-0: Ball
1-0: Ball
2-0: Foul Ball, location: 2F
2-1: Swinging Strike
2-2: SINGLE (Line Drive, 6MD, EV 96.9 MPH)
Batting: SHB Manuel Lee 0-0: Ball
1-0: Called Strike
1-1: Ball
2-1: Bunted foul
2-2: Foul Ball, location: 2F
2-2: Foul Ball, location: 2F
2-2: Fielders Choice at 2nd, 5-4 (Groundball, 56, EV 77.5 MPH)
Batting: SHB Bip Roberts 0-0: Called Strike
0-1: Ball
1-1: Ball
2-1: Foul Ball, location: 2F
2-2: SINGLE (Groundball, 4S, EV 70.6 MPH) (infield hit)
Manuel Lee to second
Batting: RHB Andres Galarraga 0-0: Called Strike
0-1: Called Strike
0-2: Ball
Wild Pitch!
Manuel Lee to third
Bip Roberts to second
1-2: Strikes out swinging
Batting: SHB Mark Bellhorn 0-0: Ball
1-0: Called Strike
1-1: Ball
2-1: SINGLE (Line Drive, 4D, EV 94.4 MPH)
Manuel Lee scores
Bip Roberts to third
Runner from 3rd tries for Home, SAFE, throw by RF to home
Batting: RHB Jack Voigt 0-0: Called Strike
0-1: Ball
1-1: Ground out 4-3 (Groundball, 4, EV 79.4 MPH)
Top of the 6th over - 2 runs, 3 hits, 0 errors, 1 left on base; Tucson 3 - Nashville 0
BOTTOM OF THE 6TH
Nashville Sounds batting - Pitching for Tucson Tarantulas : RHP Matt Wagner
Batting: RHB George Arias 0-0: Called Strike
0-1: Foul Ball, location: 2F
0-2: Ball
1-2: Foul Ball, location: 2F
1-2: Foul Ball, location: 2F
1-2: Strikes out swinging
Batting: LHB Dion James 0-0: Ball
1-0: Ball
2-0: Called Strike
2-1: SINGLE (Line Drive, 8LS, EV 106.3 MPH)
Batting: RHB Paul Konerko 0-0: Swinging Strike
0-1: Ball
1-1: Ball
2-1: Fly out, F4 (Line Drive, 4, EV 70.6 MPH)
Batting: SHB Raul Casanova 0-0: Ball
1-0: Called Strike
1-1: Ball
2-1: Swinging Strike
2-2: Foul Ball, location: 2F
2-2: Ground out 4-3 (Groundball, 4, EV 85.6 MPH)
Bottom of the 6th over - 0 runs, 1 hit, 0 errors, 1 left on base; Tucson 3 - Nashville 0
TOP OF THE 7TH
Tucson Tarantulas batting - Pitching for Nashville Sounds : RHP Willie E Adams
Batting: RHB Dave McCarty 0-0: Swinging Strike
0-1: Ball
1-1: SINGLE (Flyball, 7S, EV 92.5 MPH)
Batting: SHB Matt Walbeck 0-0: Ball
1-0: Ball
2-0: Ball
3-0: Called Strike
3-1: Foul Ball, location: 2F
3-2: Reached on error, E5 (Groundball, 56, EV 77.5 MPH)
Dave McCarty to second
Batting: RHB Ray Holbert 0-0: Bunted foul
0-1: Bunt - Flyout to 23 - DP at third! 3-4
Batting: RHB Barry Wesson 0-0: Called Strike
0-1: Ball
1-1: Foul Ball, location: 2F
1-2: Ball
2-2: Ball
3-2: Ground out 1-3 (Groundball, 34S, EV 81.3 MPH)
Top of the 7th over - 0 runs, 1 hit, 1 error, 1 left on base; Tucson 3 - Nashville 0
BOTTOM OF THE 7TH
Nashville Sounds batting - Pitching for Tucson Tarantulas : RHP Matt Wagner
Batting: LHB Ivan Cruz 0-0: Called Strike
0-1: Fly out, F4 (Popup, 4M, EV 60.6 MPH)
Batting: LHB Jeff Branson 0-0: Ball
1-0: Ground out U3 (Groundball, 3, EV 83.1 MPH)
Batting: RHB Adam Riggs 0-0: Called Strike
0-1: Foul Ball, location: 2F
0-2: Ball
1-2: Ball
2-2: TRIPLE (Flyball, 8LXD, EV 98.1 MPH)
Batting: SHB Felix Martinez 0-0: Called Strike
0-1: Swinging Strike
0-2: Ball
1-2: Ball
2-2: Ball
3-2: SINGLE (Line Drive, 4M, EV 94.4 MPH)
Adam Riggs scores
Batting: RHB Danny Bautista 0-0: Foul Ball, location: 2F
0-1: Ball
1-1: Ball
2-1: Called Strike
2-2: Ball
3-2: 2-RUN HOME RUN (Flyball, 7D, EV 105.0 MPH), Distance : 387 ft
Batting: RHB George Arias 0-0: Called Strike
0-1: Called Strike
0-2: Ball
1-2: Ball
2-2: Fly out, F3 (Popup, 3F, EV 61.3 MPH)
Bottom of the 7th over - 3 runs, 3 hits, 0 errors, 0 left on base; Tucson 3 - Nashville 3
TOP OF THE 8TH
Tucson Tarantulas batting - Pitching for Nashville Sounds : RHP Willie E Adams
Pitching: RHP Mike DeJean
Batting: SHB Manuel Lee 0-0: Fly out, F9 (Flyball, 9D, EV 103.1 MPH)
Batting: SHB Bip Roberts 0-0: Fly out, F1 (Line Drive, P, EV 66.9 MPH)
Batting: RHB Andres Galarraga 0-0: Fly out, F7 (Line Drive, 7, EV 91.9 MPH)
Top of the 8th over - 0 runs, 0 hits, 0 errors, 0 left on base; Tucson 3 - Nashville 3
BOTTOM OF THE 8TH
Nashville Sounds batting - Pitching for Tucson Tarantulas : RHP Matt Wagner
Batting: LHB Dion James 0-0: Swinging Strike
0-1: Ball
1-1: Ball
2-1: Ball
3-1: Ground out 6-3 (Groundball, 6, EV 83.1 MPH)
Batting: RHB Paul Konerko 0-0: Fly out, F7 (Flyball, 78D, EV 100.0 MPH)
Batting: SHB Raul Casanova 0-0: Swinging Strike
0-1: Ball
1-1: SINGLE (Line Drive, 7S, EV 101.3 MPH)
Batting: LHB Ivan Cruz 0-0: Ball
1-0: SINGLE (Groundball, 4MD, EV 111.9 MPH)
Raul Casanova to second
Runner from 2nd tries for 3rd, SAFE, throw by CF made to third
Batting: LHB Jeff Branson 0-0: Ball
1-0: Called Strike
1-1: SINGLE (Line Drive, 7S, EV 89.4 MPH)
Raul Casanova scores
Ivan Cruz to second
Batting: RHB Adam Riggs 0-0: Ball
1-0: Called Strike
1-1: Fly out, F7 (Flyball, 7S, EV 88.8 MPH)
Bottom of the 8th over - 1 run, 3 hits, 0 errors, 2 left on base; Tucson 3 - Nashville 4
TOP OF THE 9TH
Tucson Tarantulas batting - Pitching for Nashville Sounds : RHP Mike DeJean
Pitching: RHP Chad Fox
Now in RF: Larry Sutton
Batting: SHB Mark Bellhorn 0-0: Ball
1-0: Called Strike
1-1: SOLO HOME RUN (Flyball, 9LD, EV 93.1 MPH), Distance : 326 ft
Batting: RHB Jack Voigt 0-0: Foul Ball, location: 2F
0-1: Ball
1-1: Called Strike
1-2: Foul Ball, location: 2F
1-2: Ground out 5-3 (Groundball, 56S, EV 82.5 MPH)
Batting: RHB Dave McCarty 0-0: Ball
1-0: Foul Ball, location: 2F
1-1: Called Strike
1-2: Strikes out swinging
Pinch Hitting: RHB Geronimo Berroa 0-0: Called Strike
0-1: Foul Ball, location: 2F
0-2: Foul Ball, location: 2F
0-2: Strikes out swinging
Top of the 9th over - 1 run, 1 hit, 0 errors, 0 left on base; Tucson 4 - Nashville 4
BOTTOM OF THE 9TH
Nashville Sounds batting - Pitching for Tucson Tarantulas : RHP Matt Wagner
Pitching: RHP Stan Belinda
Now at C: Jorge Fabregas
Batting: SHB Felix Martinez 0-0: Foul Ball, location: 2F
0-1: Ball
1-1: Ball
2-1: Ball
3-1: Base on Balls
Batting: RHB Danny Bautista 0-0: Called Strike
0-1: Fly out, F9 (Flyball, 9LDF, EV 108.1 MPH)
Batting: RHB George Arias 0-0: Ball
1-0: Ball
2-0: Ground out 5-3 (Groundball, 5S, EV 93.8 MPH)
Felix Martinez to second
Batting: LHB Dion James 0-0: Ball
1-0: Ball
2-0: Called Strike
2-1: SINGLE (Line Drive, 8LS, EV 112.5 MPH)
Felix Martinez to third
Batting: RHB Paul Konerko 0-0: Called Strike
0-1: Fly out, F7 (Line Drive, 7D, EV 90.6 MPH)
Bottom of the 9th over - 0 runs, 1 hit, 0 errors, 2 left on base; Tucson 4 - Nashville 4
TOP OF THE 10TH
Tucson Tarantulas batting - Pitching for Nashville Sounds : RHP Chad Fox
Pitching: RHP Jose J. Bautista
Batting: RHB Ray Holbert 0-0: Ball
1-0: Fly out, F9 (Flyball, 89S, EV 88.8 MPH)
Batting: RHB Barry Wesson 0-0: Ball
1-0: SINGLE (Line Drive, 7LS, EV 93.1 MPH)
Batting: SHB Manuel Lee 0-0: Called Strike
0-1: Ball
1-1: Ball
2-1: SINGLE (Line Drive, 4MD, EV 96.9 MPH)
Barry Wesson to second
Batting: SHB Bip Roberts 0-0: Ball
1-0: Called Strike
1-1: Ground out 4-3 (Groundball, 4S, EV 70.6 MPH)
Barry Wesson to third
Manuel Lee to second
Batting: RHB Andres Galarraga 0-0: Called Strike
0-1: Called Strike
0-2: Ball
1-2: Strikes out swinging
Top of the 10th over - 0 runs, 2 hits, 0 errors, 2 left on base; Tucson 4 - Nashville 4
BOTTOM OF THE 10TH
Nashville Sounds batting - Pitching for Tucson Tarantulas : RHP Stan Belinda
Pitching: RHP Keith Foulke
Batting: SHB Raul Casanova 0-0: Called Strike
0-1: DOUBLE (Flyball, 8LXD, EV 94.4 MPH)
Batting: LHB Larry Sutton 0-0: Intentional Walk
Batting: LHB Jeff Branson 0-0: Ball
1-0: Ball
2-0: Called Strike
2-1: Ball
3-1: Sac Bunt to 3S - play at first, batter OUT! 3-1
Raul Casanova to third
Larry Sutton to second
Batting: RHB Adam Riggs 0-0: Intentional Walk
Batting: SHB Felix Martinez 0-0: Ball
1-0: Foul Ball, location: 2F
1-1: Called Strike
1-2: SINGLE (Groundball, 4M, EV 96.9 MPH)
Raul Casanova scores
Friday, January 30th, 2026 - OOTP Baseball 20.8 Build 74